 Dungeon Crawl Stone Soup version 0.28.0-45-g0d030f2227 (webtiles) character file.

Game seed: 3784578578214296198

665 Bruhh the Magician (level 7, -2/50 HPs)
             Began as a Djinni Cinder Acolyte on Apr 24, 2022.
             Was a High Priest of Ignis.
             Slain by a killer bee (8 damage)
             ... on level 5 of the Dungeon.
             The game lasted 00:03:59 (5851 turns).

Bruhh the Magician (Djinni Cinder Acolyte)          Turns: 5851, Time: 00:03:59

Health: -2/50      AC:  2    Str: 13    XL:     7   Next: 87%
Gold:   264        EV: 11    Int: 23    God:    Ignis [*****.] SH:  0 Dex:  9

rFire   + + +      SeeInvis .   t - +4 spear
rCold   x . .      Faith    .   (no shield)
rNeg    . . .      Spirit   .   b - +0 robe
rPois   ∞          Reflect  .   (no helmet)
rElec   .          Harm     .   (no cloak)
rCorr   .          Rampage  .   (no gloves)
Will    +....                   (boots unavailable)
Stlth   +.........              (no amulet)
HPRegen 0.16/turn               c - ring of willpower
MPRegen 0.00/turn               u - +6 ring of intelligence

@: flying
A: sickness immunity, fire resistance 2, cold vulnerability 1, float, innate
caster, HP casting, extra vitality 1
a: Renounce Religion, Fiery Armour, Foxfire Swarm, Rising Flame


You were on level 5 of the Dungeon.
You worshipped Ignis.
Ignis was extremely pleased with you.
You visited 1 branch of the dungeon, and saw 5 of its levels.

You collected 264 gold pieces.

Inventory:

Hand Weapons
 a - a -1 falchion of flaming
 t - a +4 spear (weapon)
Armour
 b - a +0 robe (worn)
Jewellery
 c - a ring of willpower (left hand)
 e - a ring of resist corrosion
 u - a +6 ring of intelligence (right hand)
Scrolls
 d - a scroll of noise {unknown}
 h - a scroll of fog {unknown}
 i - a scroll of teleportation {unknown}
 j - a scroll of vulnerability {unknown}
 k - 3 scrolls of identify {unknown}
 m - a scroll of brand weapon {unknown}
 n - a scroll of magic mapping {unknown}
 o - a scroll of immolation {unknown}
 p - 2 scrolls of torment {unknown}
 q - a scroll of amnesia {unknown}
 s - 3 scrolls of fear {unknown}
 x - a scroll of blinking {unknown}
Potions
 f - 2 potions of curing
 g - a potion of invisibility {unknown}
 l - a potion of ambrosia {unknown}
 r - a potion of heal wounds {unknown}
 v - a potion of flight {unknown}
 w - a potion of magic {unknown}
 z - a potion of lignification {unknown}
 A - a potion of degeneration {unknown}


   Skills:
 - Level 3.0 Fighting
 - Level 2.6 Long Blades
 + Level 6.6 Spellcasting


You had 12 spell levels left.
You knew the following spells:

 Your Spells              Type           Power      Damage    Failure   Level
a - Scorch                Fire           76%        2d9       1%          2
b - Summon Small Mammal   Summ           100%       N/A       1%          1
c - Wereblood             Tmut           38%        N/A       1%          2
d - Blink                 Tloc           76%        N/A       1%          2
Your spell library was empty.

Dungeon Overview and Level Annotations

Branches:
Dungeon (5/15)
 Temple: D:4-7

Altars:

Annotations:
D:5 1 runed translucent door


Innate Abilities, Weirdness & Mutations

You are immune to sickness and miasma.
You are immune to poison.
Your flesh is very heat resistant. (rF++)
You are vulnerable to cold. (rC-)
You float through the air rather than walking.
You learn spells naturally, not from books.
Your magical power is your life essence.
You have superior vitality. (+4 MHP)


Message History

You are too injured to fight recklessly!
Casting: Scorch (safe; 1% risk of failure)
Confirm with . or Enter, or press ? or * to list all spells.
Flames lash the killer bee.
The killer bee is burned terribly!
You kill the killer bee!
The killer bee stings you.
* * * LOW HITPOINT WARNING * * *
The killer bee closely misses you.
Casting: Scorch (safe; 1% risk of failure)
Confirm with . or Enter, or press ? or * to list all spells.
Flames lash the killer bee.
The killer bee is moderately wounded.
The killer bee's fire resistance burns away.
* * * LOW HITPOINT WARNING * * *
The killer bee misses you. The killer bee stings you.
* * * LOW HITPOINT WARNING * * *
Casting: Scorch (safe; 1% risk of failure)
Confirm with . or Enter, or press ? or * to list all spells.
Flames lash the killer bee.
The killer bee is burned terribly!
You kill the killer bee!
* * * LOW HITPOINT WARNING * * *
Unknown command.
You start resting.
A killer bee comes into view.
The killer bee moves out of view.
You start resting.
A killer bee is nearby!
A killer bee is nearby!
The killer bee buzzes angrily.
It was a potion of curing.
You feel better. The killer bee closely misses you.
Casting: Scorch (safe; 1% risk of failure)
Confirm with . or Enter, or press ? or * to list all spells.
Flames lash the killer bee.
The killer bee is heavily wounded.
The killer bee's fire resistance burns away.
* * * LOW HITPOINT WARNING * * *
The killer bee stings you.
* * * LOW HITPOINT WARNING * * *
The killer bee stings you!
You die...

### ..# #.#
# #$# # #.#
# ####.# #.#
#.††.#######
#.#
#.@.......
#.#
#y########
#.# # #.#
#.# #.#.###
#.# #.....#
#.#
#.###.#####
..# #.#
#.....# ..#
##.###.###.#
..# #......#


You could see a killer bee (combustible).

Vanquished Creatures
  A black bear (D:5)
  A sky beast (D:5)
  A water moccasin skeleton (D:5)
  4 killer bees (D:5)
  A hound (D:4)
  A bullfrog skeleton (D:5)
  A gnoll shaman (D:4)
  A howler monkey zombie (D:5)
  2 adders
  7 gnolls (D:4)
  A white imp (D:5)
  3 dart slugs
  5 orcs
  3 bats (D:1)
  8 endoplasms
  A giant cockroach (D:2)
  4 hobgoblins
  3 jackals (D:1)
  2 quokkas
  2 ball pythons
  4 frilled lizards
  4 goblins
  3 kobolds
  3 rats
66 creatures vanquished.

Notes
Turn   | Place    | Note
-------+----------+-------------------------------------------
     0 | D:1      | Bruhh the Djinni Cinder Acolyte began the quest for the
                  | Orb.
     0 | D:1      | Reached XP level 1. HP: 20/20 MP: 0/0
   272 | D:1      | Reached XP level 2. HP: 21/25 MP: 0/0
   609 | D:1      | Reached skill level 3 in Spellcasting
   827 | D:1      | Found a faded altar of an unknown god.
  1177 | D:1      | Reached XP level 3. HP: 28/30 MP: 0/0
  1177 | D:1      | Learned a level 1 spell: Summon Small Mammal
  3236 | D:3      | Reached XP level 4. HP: 31/35 MP: 0/0
  3610 | D:4      | Reached skill level 4 in Spellcasting
  3623 | D:4      | Reached XP level 5. HP: 12/40 MP: 0/0
  3623 | D:4      | Learned a level 2 spell: Wereblood
  4800 | D:4      | Reached XP level 6. HP: 31/46 MP: 0/0
  5113 | D:5      | Entered Level 5 of the Dungeon
  5264 | D:5      | Noticed a sky beast
  5289 | D:5      | Killed a sky beast
  5290 | D:5      | Reached skill level 5 in Spellcasting
  5506 | D:5      | Noticed a black bear
  5510 | D:5      | Killed a black bear
  5511 | D:5      | Reached XP level 7. HP: 44/50 MP: 0/0
  5511 | D:5      | Learned a level 2 spell: Blink
  5673 | D:5      | Reached skill level 6 in Spellcasting
  5783 | D:5      | Found a runed translucent door.
  5851 | D:5      | Slain by a killer bee

Illustrated notes

Levels and vault maps discovered:
D:1:      mrwooster_arrival_statue_3, layout_basic, basic_ecumenical_altar,
          minmay_misc_feat_rows
D:2:      layout_basic
D:3:      layout_basic, minmay_cut_off
D:4:      layout_loops_ring
D:5:      layout_loops_ring, ebering_ghost_sewer_f, dk_vineyard_3, uniq_sigmund

Skill      XL: |  1  2  3  4  5  6  7 |
---------------+----------------------+-----
Spellcasting   | 3 4 5 6 |  6.6
Fighting       | |  3.0
Long Blades    | |  2.6

Action                   |  1- 3 |  4- 6 |  7- 9 || total
-------------------------+-------+-------+-------++-------
Melee: Falchion          |    23 |       |       ||    23
       Punch             |     1 |       |       ||     1
       Spear             |       |    10 |     1 ||    11
 Cast: Scorch            |    41 |    44 |    18 ||   103
  Use: Potion            |       |       |     1 ||     1
Armor: Robe              |     3 |       |       ||     3
Dodge: Dodged            |    17 |    10 |    12 ||    39
